[Event "21st Alekhine FIDE 2017"]
[Site "Voronezh"]
[Date "2017.06.18"]
[Round "7"]
[White "Peschansky, Mikhail"]
[Black "Lepaev, Andrey"]
[Result "1/2-1/2"]
[ECO "A15"]
[WhiteElo "2162"]
[BlackElo "2059"]
[Annotator "NA"]
[PlyCount "84"]
[EventDate "2017.??.??"]
[EventType "swiss"]
[EventCountry "RUS"]
[SourceTitle "playchess.com"]
[Source "ChessBase"]
[SourceQuality "1"]
[TimeControl "40/5400+30:1800+30"]

1. c4 Nf6 2. Nf3 c6 3. d4 d5 4. Qc2 g6 5. Nc3 Bg7 {[%emt 0:02:12] D11: Slav Defence: 3 Nf3 sidelines and 3...Nf6 4 e3 Bg4} 6. cxd5 cxd5 7. Bf4 {[%emt 0:00:47] LiveBook: 21 Games} O-O (7... Nc6 8. e3 O-O 9. Be2 Ne4 10. O-O Bf5 11. Nxe4 dxe4 12. Nh4 Be6 13. Qxe4 Bd5 14. Qd3 {0-1 (42) Donchenko,A (2568)-Motylev,A (2649) Germany 2015}) 8. e3 a6 9. Bd3 Nc6 10. a3 Qa5 $146 ({Predecessor:} 10... Bg4 11. Ne5 Nxe5 12. Bxe5 Rc8 13. Qb3 b5 14. h3 {1-0 (34) Pollmueller,M (2076)-Maniocha,M (1982) Dortmund 2016}) 11. O-O Nh5 12. Bg5 h6 13. Bh4 g5 14. Bg3 Nxg3 15. hxg3 Qd8 16. Rfd1 Bg4 17. Bf5 Bxf5 18. Qxf5 e6 19. Qg4 f5 20. Qh5 Qe8 21. Qxe8 Rfxe8 22. Na4 Na5 23. Nb6 Rad8 24. Nd2 Rd6 25. Na4 Rc6 26. b4 Nc4 27. Nc5 b5 28. Nxc4 bxc4 29. f4 Rb8 30. Rdb1 Bf8 31. Na4 Kf7 32. Kf2 Bd6 $11 33. Ke2 Kg7 34. Kf2 Kf7 35. Ke2 Kg7 36. Kf2 Kf7 37. Ke2 Kg7 38. Kf2 Kf7 39. Ke2 Kg7 40. Kf2 Kf7 41. Ke2 Ra8 42. Rb2 Rg8 1/2-1/2

[Event "21st Alekhine FIDE 2017"]
[Site "Voronezh"]
[Date "2017.06.18"]
[Round "7"]
[White "Ioffe, Evgeny"]
[Black "Kasantsev, Anatolij B"]
[Result "1-0"]
[ECO "B40"]
[WhiteElo "2155"]
[BlackElo "1961"]
[Annotator "ChessBase"]
[PlyCount "65"]
[EventDate "2017.??.??"]
[EventType "swiss"]
[EventCountry "RUS"]
[SourceTitle "playchess.com"]
[Source "ChessBase"]
[SourceQuality "1"]
[TimeControl "40/5400+30:1800+30"]

1. e4 c5 2. Nf3 e6 3. c3 Nf6 4. e5 Nd5 5. d4 cxd4 6. cxd4 d6 7. a3 Bd7 8. Bd3 Bc6 9. O-O Be7 10. Qe2 a6 11. Nc3 Nd7 12. exd6 Bxd6 13. Re1 h6 14. Ne4 Be7 15. Ne5 Nxe5 16. dxe5 Qc7 17. Ng3 g6 18. Bd2 h5 19. Nf1 h4 20. h3 Rh5 21. Nh2 Qb6 22. b4 Rd8 23. Nf3 g5 24. Be4 Rh8 25. Nxg5 Rg8 26. Qh5 Kd7 27. Qxf7 Rxg5 28. Bxd5 Rxg2+ 29. Bxg2 Bxg2 30. Be3 Qc7 31. Kxg2 Rf8 32. Red1+ Kc8 33. Qf6 1-0

[Event "21st Alekhine FIDE 2017"]
[Site "Voronezh"]
[Date "2017.06.18"]
[Round "7"]
[White "Palkovich, Denis"]
[Black "Provkin, Vladimir"]
[Result "0-1"]
[ECO "A45"]
[WhiteElo "2147"]
[BlackElo "2163"]
[Annotator "NA"]
[PlyCount "64"]
[EventDate "2017.??.??"]
[EventType "swiss"]
[EventCountry "RUS"]
[SourceTitle "playchess.com"]
[Source "ChessBase"]
[SourceQuality "1"]
[TimeControl "40/5400+30:1800+30"]

1. d4 Nf6 2. Bf4 g6 3. e3 d6 4. Nf3 Bg7 5. h3 O-O {[%emt 0:00:44] LiveBook: 1214 Games} 6. Be2 Nc6 7. O-O Nd7 (7... e5 $5 8. dxe5 Ne4 $11) 8. c4 {[%emt 0:00:48] A48: 1 d4 Nf6 2 Nf3 g6: Torre, London and Colle Systems} (8. Bh2 e5 9. Nc3 exd4 10. Nxd4 Nxd4 11. exd4 Re8 12. Qd2 Nf8 13. Bc4 Be6 14. Bxe6 Nxe6 15. Ne2 Qg5 16. Qd3 Qd5 {½-½ (68) Nakamura,H (2767)-Aronian,L (2797) Saint Louis 2014}) 8... e5 9. Bg3 e4 10. Nfd2 f5 11. Nc3 Kh8 $146 ({Predecessor:} 11... Nf6 12. f4 Ne7 13. Bh4 c6 14. Rb1 d5 15. c5 Ne8 16. b4 a6 17. a4 Nc7 18. b5 {½-½ (18) Zinchenko,Y (2539)-Zubarev,A (2548) Poltava 2009}) 12. Rc1 g5 13. Bh2 Nf6 14. a3 Qe7 15. c5 (15. b4 $14) 15... dxc5 16. dxc5 Be6 17. Nb5 {[%emt 0:03:10] [#]} f4 $1 18. exf4 gxf4 19. Bxf4 Nd5 20. Bg3 Rad8 21. Nxe4 $2 {[%emt 0:12:05] [#]} (21. Qe1 $1 $11) 21... a6 (21... Nf4 $1 $19 {has better winning chances.} 22. Qe1 Bxh3) 22. Nxc7 (22. Nbd6 $11 {remains equal.}) 22... Nxc7 23. Bd6 Qh4 24. Qa4 $2 (24. Bg4 $17 {is tougher.}) 24... Nd4 25. Bd3 Nd5 26. Bg3 Qh5 27. f4 (27. Qd1 $142 Qh6 28. Nd6) 27... Bf5 28. Rce1 Qg6 29. Kh2 Nf6 30. Nxf6 Bxd3 31. Nd7 Rf7 32. Bh4 $19 (32. f5 $142 Nxf5 33. Rxf5 Qxf5 34. Ne5) 32... Bxf1 0-1

[Event "21st Alekhine FIDE 2017"]
[Site "Voronezh"]
[Date "2017.06.18"]
[Round "7"]
[White "Khajrutdinov, Ildar"]
[Black "Katkov, Vitaly"]
[Result "1-0"]
[ECO "D35"]
[WhiteElo "2087"]
[BlackElo "2054"]
[Annotator "NA"]
[PlyCount "119"]
[EventDate "2017.??.??"]
[EventType "swiss"]
[EventCountry "RUS"]
[SourceTitle "playchess.com"]
[Source "ChessBase"]
[SourceQuality "1"]
[TimeControl "40/5400+30:1800+30"]

1. d4 Nf6 2. c4 e6 3. Nc3 d5 4. cxd5 exd5 5. Bg5 Be7 6. e3 O-O 7. Bd3 b6 (7... h6 $11 8. Bxf6 Bxf6) 8. Bxf6 $1 Bxf6 9. Qh5 g6 10. Qxd5 {[%emt 0:00:16] LiveBook: 10 Games} c6 11. Qxd8 Rxd8 12. Nge2 {[%emt 0:03:13] D35: Queen's Gambit Declined: Exchange Variation} Ba6 13. Be4 Bxe2 $146 ({Predecessor:} 13... Bb7 14. O-O Na6 15. Rac1 Rd7 16. Rfd1 Rad8 17. a3 Nc7 18. Bf3 Bg7 19. g3 Ne6 {1-0 (35) Vigoa Apecheche,Y (2257)-Guerrero Rodriguez,A (2143) Merida 2008}) 14. Nxe2 a5 15. Rc1 Rd6 16. O-O Ra7 17. Bf3 Kg7 18. Nc3 Be7 (18... Rd8 $142 19. b3 Be7) 19. d5 Na6 20. dxc6 Nc7 21. Rfd1 Ra8 22. Rxd6 Bxd6 23. Na4 Rb8 24. Rd1 Ne8 25. Nc3 Kf8 26. Nb5 Ke7 27. Kf1 Rd8 28. Nxd6 Nxd6 29. Ke2 f5 30. h4 Rc8 31. Rd4 Rc7 32. a4 Nf7 (32... Nc8 $142 33. b4 axb4 34. Rxb4 Kd6 35. Rd4+ Ke6) 33. g3 (33. b4 $142) 33... Ne5 34. Bg2 Rc8 35. Rd2 Nxc6 36. Bxc6 Rxc6 37. Kd1 Ke6 38. Rd4 Rc5 39. Kd2 h6 40. Rd8 Rc4 41. b3 Rb4 42. Kc3 b5 43. axb5 Rxb5 44. h5 gxh5 45. Rh8 Rc5+ 46. Kd3 Rd5+ (46... Kf6 $16 47. Rxh6+ Kg5) 47. Ke2 Rb5 48. Rxh6+ Kf7 49. Rxh5 Kg6 50. g4 Rxb3 51. Rxf5 a4 52. Ra5 a3 53. f4 Rb2+ 54. Kf3 a2 55. Ra6+ Kf7 56. f5 Rc2 57. g5 Rb2 58. Ra7+ Kf8 59. f6 Rb5 60. Ke4 $18 1-0

[Event "21st Alekhine FIDE 2017"]
[Site "Voronezh"]
[Date "2017.06.18"]
[Round "7"]
[White "Kazmin, Semen"]
[Black "Lebedev, Mikhail S"]
[Result "0-1"]
[ECO "B33"]
[WhiteElo "2086"]
[BlackElo "2041"]
[Annotator "NA"]
[PlyCount "72"]
[EventDate "2017.??.??"]
[EventType "swiss"]
[EventCountry "RUS"]
[SourceTitle "playchess.com"]
[Source "ChessBase"]
[SourceQuality "1"]
[TimeControl "40/5400+30:1800+30"]

1. e4 c5 2. Nf3 Nc6 3. d4 cxd4 4. Nxd4 Nf6 5. Nc3 e5 6. Ndb5 d6 7. Bg5 a6 8. Na3 b5 9. Nd5 (9. Bxf6 $5 gxf6 10. Nd5 $11) 9... Be7 10. Bxf6 Bxf6 11. c3 O-O 12. h4 Rb8 13. Nc2 Be7 14. Nce3 {[%emt 0:00:34] B33: Sicilian: Pelikan and Sveshnikov Variations} (14. g3 Be6 15. Bh3 Qd7 16. Bxe6 fxe6 17. Nxe7+ Qxe7 18. Ne3 Rbd8 19. a4 d5 20. axb5 axb5 21. Qb3 d4 {1-0 (29) Blomqvist,E (2546)-Pacher,M (2450) Minsk 2017}) 14... Be6 15. Qf3 Qd7 16. Rd1 {[%emt 0:00:24] LiveBook: 65 Games} Bd8 17. h5 h6 18. Nf5 Kh8 $146 ({Predecessor:} 18... Bg5 19. Bd3 Na5 20. b3 Bxd5 21. exd5 g6 {½-½ (42) Ivanov-Kiselev,V ICCF email 2009}) 19. Nde3 Bc7 20. Rh3 Ne7 21. Rg3 Rg8 22. Bd3 Kh7 ({Don't play} 22... Bxa2 $6 {[#]} 23. Nxg7 $1 Bd8 24. Ngf5 $16) (22... Bb6 $11) 23. Bc2 a5 24. Nd5 (24. Ng4 $16) 24... Bxf5 $1 25. exf5 f6 26. Nxe7 Qxe7 27. Be4 d5 (27... b4 $11 {keeps the balance.}) 28. Rxd5 Rgd8 29. Qe2 Rxd5 30. Bxd5 Bb6 31. Be4 $14 b4 32. c4 Bd4 33. Bd5 a4 34. Qc2 b3 35. axb3 Qb4+ 36. Qd2 Bxf2+ {[%emt 0:00:11] Qc2 Bd4+} 0-1

[Event "21st Alekhine FIDE 2017"]
[Site "Voronezh"]
[Date "2017.06.18"]
[Round "7"]
[White "Geranichev, Mikhail"]
[Black "Rozmetov, Aybek"]
[Result "1-0"]
[ECO "A04"]
[WhiteElo "2076"]
[BlackElo "1978"]
[Annotator "NA RC"]
[PlyCount "73"]
[EventDate "2017.??.??"]
[EventType "swiss"]
[EventCountry "RUS"]
[SourceTitle "playchess.com"]
[Source "ChessBase"]
[SourceQuality "1"]
[TimeControl "40/5400+30:1800+30"]

1. Nf3 b6 2. g3 Bb7 3. Bg2 Nf6 4. d3 e6 5. e4 d6 6. O-O Be7 7. Nbd2 O-O 8. Re1 c5 9. Nf1 {[%emt 0:01:19] A05: Réti Opening: 1 Nf3 Nf6} (9. c3 Nc6 10. a3 b5 11. d4 cxd4 12. cxd4 a5 13. b3 d5 14. e5 Nd7 15. Nf1 a4 16. b4 Nb6 17. h4 Nc4 {1-0 (47) Anton Guijarro,D (2631)-Morozevich,A (2731) Dubai 2014}) 9... Nbd7 10. Ne3 Rc8 $146 ({Predecessor:} 10... Qc7 11. h4 d5 12. e5 Ne8 13. Ng4 h5 14. Ngh2 d4 15. Bf4 {1-0 (29) Stoljarov,S-Szulc,M (2210) Tallinn 1997}) 11. b3 Qc7 12. Bb2 Rfd8 13. c4 Ne5 14. Qc2 Nc6 15. Rad1 a6 16. Qe2 b5 17. h4 b4 18. Bh3 h6 19. Ng4 (19. Nd5 $5 exd5 20. exd5 $11 (20. Bxc8 dxe4 21. Bxb7 exf3 $11)) 19... Nxg4 20. Bxg4 Ra8 21. d4 e5 22. d5 $1 Nd4 23. Nxd4 exd4 24. f4 Re8 25. Qd3 Bf6 26. Rd2 Re7 (26... Bc8 $11 27. Bf3 Bd7) 27. Bd1 Rae8 28. Bc2 g6 29. h5 Bc8 $1 30. hxg6 fxg6 31. Rh2 h5 32. e5 Bf5 33. Qd1 Bg4 34. Qd3 Bf5 35. Qd1 Bg4 36. Qd3 Bf5 37. Qd1 $11 1-0

[Event "21st Alekhine FIDE 2017"]
[Site "Voronezh"]
[Date "2017.06.18"]
[Round "7"]
[White "Chekletsov, Egor"]
[Black "Manukovsky, Vladimir"]
[Result "0-1"]
[ECO "B50"]
[WhiteElo "2070"]
[BlackElo "2200"]
[Annotator "NA"]
[PlyCount "108"]
[EventDate "2017.??.??"]
[EventType "swiss"]
[EventCountry "RUS"]
[SourceTitle "playchess.com"]
[Source "ChessBase"]
[SourceQuality "1"]
[TimeControl "40/5400+30:1800+30"]

1. e4 c5 2. Nf3 d6 3. c4 Nf6 4. Nc3 g6 5. d4 cxd4 6. Nxd4 Bg7 7. Be2 O-O 8. Be3 {LiveBook: 132 Games} Nc6 9. O-O Bd7 10. f4 a6 11. Nb3 Rc8 12. c5 {E79: King's Indian: Four Pawns Attack: 6 Be2 c5 7 Nf3 cxd4 8 Nxd4 Nc6 9 Be3} (12. Rc1 b5 13. c5 b4 14. Nd5 Nxe4 15. cxd6 exd6 16. Bb6 Qh4 17. Rc4 Rfe8 18. Bf3 f5 19. Nc7 Qd8 {0-1 (50) Perez Manas,B (2298)-Garcia,J (2376) Mislata 2011}) 12... Be6 13. cxd6 exd6 14. Nd4 $146 ({Predecessor:} 14. Kh1 Na5 15. Nxa5 Qxa5 16. Bf3 Rfd8 17. Rf2 b5 18. a3 Bc4 19. Rd2 Qc7 {½-½ (28) Szabo,A (2125)-Elo,I (2137) Hungary 2006}) 14... Nxd4 15. Bxd4 Bc4 16. Re1 Bxe2 17. Qxe2 Re8 18. Qf3 b5 (18... Rc4 $5 19. Qd3 Qc8 $15) 19. a3 {[#]} (19. Rad1 $11) 19... Rc4 $1 20. Rad1 {[#]} Rxd4 $1 21. Rxd4 Qb6 22. Red1 Nxe4 $1 23. Nxe4 (23. Qe3 $17 Bxd4 24. Qxd4 Qxd4+ 25. Rxd4 Nxc3 26. bxc3) 23... Bxd4+ 24. Kh1 Bxb2 25. h3 Rd8 26. f5 d5 27. fxg6 hxg6 28. Ng5 Bf6 29. Rxd5 Bxg5 30. Rxg5 Qd6 (30... Re8 $142 31. Qc3 Re3) 31. Qg3 Qxg3 32. Rxg3 Kg7 33. Rc3 Rd6 34. Kg1 Rf6 35. g4 Rf4 36. Kg2 Ra4 37. g5 Kf8 38. Re3 Rc4 39. Kg3 Rc6 40. Kf4 Rb6 ({Black should play} 40... a5 $19 41. Rg3 Rc5) 41. Rc3 {[#]} a5 $1 42. Ke4 b4 43. axb4 axb4 44. Rb3 Ke7 45. Kd5 Rb5+ 46. Kc4 Rb7 47. Kd5 Rb5+ 48. Kc4 Rxg5 49. Kxb4 Rd5 50. Kc4 Rd7 51. Rf3 f5 52. h4 Kf6 53. Rg3 Rh7 54. Rh3 f4 $19 0-1

[Event "21st Alekhine FIDE 2017"]
[Site "Voronezh"]
[Date "2017.06.18"]
[Round "7"]
[White "Kondaurov, Yury"]
[Black "Maratkanov, Evgeny"]
[Result "1-0"]
[ECO "A06"]
[WhiteElo "2046"]
[BlackElo "2145"]
[Annotator "NA"]
[PlyCount "95"]
[EventDate "2017.??.??"]
[EventType "swiss"]
[EventCountry "RUS"]
[SourceTitle "playchess.com"]
[Source "ChessBase"]
[SourceQuality "1"]
[TimeControl "40/5400+30:1800+30"]

1. Nf3 d5 2. g3 c5 3. c4 Nf6 4. Bg2 Nc6 5. O-O e5 6. cxd5 Nxd5 7. Nc3 Nc7 8. b3 Be7 9. Bb2 Be6 {[%emt 0:01:26] A34: Symmetrical English: 2 Nc3, lines with ...d5} (9... O-O 10. Rc1 f6 11. Ne1 Bd7 12. Nd3 Rc8 13. f4 exf4 14. Nxf4 Be8 15. e3 Bf7 16. Qe2 Re8 17. Ne4 Nb4 18. a3 Nba6 19. Nh5 {1-0 (28) Aronian,L (2815)-Svidler,P (2753) Flor & Fjaere 2014}) 10. Rc1 {[%emt 0:00:04] LiveBook: 3 Games} f6 11. e3 Qd7 12. Na4 $146 ({Predecessor:} 12. Ne4 Bg4 13. h3 Bxh3 14. Nxe5 Nxe5 15. Qh5+ g6 16. Qxh3 Qxh3 17. Bxh3 Nd3 18. Bxf6 Bxf6 19. Nxf6+ Kf7 20. Rc3 Ne5 21. Ne4 b6 22. f4 Nc6 23. Bg2 {1-0 (23) McNab,C (2418)-Misiuga,A (2153) Reykjavik 2007}) 12... e4 (12... Bg4 $11 {keeps the balance.} 13. h3 (13. Nxc5 Bxc5 14. Rxc5 e4 $17) 13... Bxh3) 13. Ne1 Bg4 14. Qc2 Be2 15. Qxe4 Bxf1 16. Kxf1 O-O 17. d3 Na6 18. Ba3 ({White should try} 18. Qd5+ $16 Qxd5 19. Bxd5+ Kh8 20. Bxc6 bxc6 21. Ba3) 18... Ncb4 (18... Rac8 $14) 19. Qxb7 Rad8 20. Qe4 Rfe8 21. Qc4+ Kh8 22. Rd1 Qf5 23. g4 Qe5 $2 (23... Qc8 $16) 24. Kg1 Bd6 {[%emt 0:01:29] [#]} (24... Qd6 $16 {might work better.}) 25. Bxb4 $1 Nxb4 {[%emt 0:02:41] [#]} 26. a3 $1 Na2 27. Qc2 Qxh2+ 28. Kf1 Qh4 29. Bf3 Qh3+ 30. Ke2 f5 31. gxf5 Qxf5 32. Qxa2 g5 33. Qb2+ Be5 34. Qc2 Rf8 35. Qc4 h5 36. Qe4 Qf6 37. Kd2 g4 38. Be2 c4 39. bxc4 Rfe8 40. Qh1 Qg5 41. Rb1 Rb8 42. Rxb8 Rxb8 43. Qe4 Bg7 44. d4 Qa5+ 45. Nc3 Rb2+ 46. Nc2 Qxa3 47. Qe8+ Kh7 48. Bd3+ 1-0

[Event "21st Alekhine FIDE 2017"]
[Site "Voronezh"]
[Date "2017.06.18"]
[Round "7"]
[White "Moiseenko, Andrey"]
[Black "Novikov, Sergey D"]
[Result "1/2-1/2"]
[ECO "B70"]
[WhiteElo "2010"]
[BlackElo "2061"]
[Annotator "NA RC"]
[PlyCount "57"]
[EventDate "2017.??.??"]
[EventType "swiss"]
[EventCountry "RUS"]
[SourceTitle "playchess.com"]
[Source "ChessBase"]
[SourceQuality "1"]
[TimeControl "40/5400+30:1800+30"]

1. e4 c5 2. Nf3 d6 3. d4 cxd4 4. Nxd4 Nf6 5. Nc3 g6 6. Be2 Bg7 7. O-O O-O 8. Re1 {[%emt 0:00:14] LiveBook: 284 Games} Nc6 9. Nb3 Be6 10. Bf1 Rc8 11. Bg5 {[%emt 0:00:14] B70: Sicilian Dragon: 6 g3 and 6 Be2 (without a later Be3)} (11. Nd5 a6 12. c3 Nd7 13. Bg5 h6 14. Be3 Nce5 15. Qd2 Kh7 16. Bd4 b5 17. f4 Nc4 18. Qf2 Bxd5 19. exd5 {1-0 (41) Carlsen,M (2851)-Petrosian,T (2611) chess.com INT 2016}) 11... Qc7 12. Nd5 Bxd5 13. exd5 Ne5 14. c3 Rfe8 15. Qd2 $146 ({Predecessor:} 15. Bb5 Red8 16. a4 a6 17. Bf1 Re8 18. a5 Nc4 19. Bc1 Qd7 20. Nd2 Nxd2 21. Qxd2 Ng4 {1-0 (54) Pfreundt,J (2248)-Powierski,E (2302) Bargteheide 2016}) 15... Nc4 16. Bxc4 Qxc4 17. Rad1 Ne4 18. Qf4 Nxg5 19. Qxg5 Bf6 ({Black should play} 19... a5 $15) 20. Qd2 $11 Qa6 21. a3 Qb5 22. Qc2 Qa4 23. Nd4 Qxc2 24. Nxc2 Rc5 25. Ne3 Bg7 26. Nc2 Bf6 27. Ne3 Bg7 28. Nc2 Bf6 29. Ne3 $11 1/2-1/2

[Event "21st Alekhine FIDE 2017"]
[Site "Voronezh"]
[Date "2017.06.18"]
[Round "7"]
[White "Garafutdinov, Ainur"]
[Black "Tatarintsev, Egor"]
[Result "1-0"]
[ECO "C03"]
[WhiteElo "1998"]
[BlackElo "2085"]
[Annotator "NA"]
[PlyCount "61"]
[EventDate "2017.??.??"]
[EventType "swiss"]
[EventCountry "RUS"]
[SourceTitle "playchess.com"]
[Source "ChessBase"]
[SourceQuality "1"]
[TimeControl "40/5400+30:1800+30"]

1. e4 e6 2. d4 d5 3. Nd2 dxe4 4. Nxe4 Bd7 5. c3 Bc6 6. Ng3 Nf6 7. Nf3 Nbd7 8. Bd3 Be7 {[%emt 0:03:41] C10: French with 3 Nc3: Unusual Black 3rd moves and 3...dxe4} 9. Bd2 (9. Qe2 Bxf3 10. Qxf3 c6 11. Be3 Nd5 12. O-O-O Nxe3 13. fxe3 g6 14. Kb1 Qc7 15. h4 h5 16. Ne4 {1-0 (58) Zhang,P (2519)-Rustemov,A (2602) Bastia 2004}) 9... O-O 10. Qe2 Re8 $146 (10... Bxf3 $5 11. Qxf3 c5 $11) ({Predecessor:} 10... Rb8 11. O-O-O Bxf3 12. Qxf3 c5 13. Bf4 Rc8 14. dxc5 Nd5 15. Kb1 Bxc5 16. Ne4 {1-0 (46) Atabayeva,G (1990)-Ning,K (2134) Chengdu 2017}) 11. O-O-O Bxf3 12. Qxf3 c5 13. Be3 Qa5 14. Kb1 Rec8 15. Ne4 (15. dxc5 $11 Bxc5 16. Bxc5 Rxc5 17. Ne4) 15... c4 $1 16. Nxf6+ Nxf6 17. Be4 Nxe4 18. Qxe4 Rc6 19. d5 f5 20. Qc2 Ra6 21. a3 e5 22. Bc1 (22. d6 $14 Bxd6 23. Qxf5 Bxa3 24. Qe4 (24. Rd7 Bf8 $11)) 22... Rf8 23. Rhe1 Bd6 24. f4 $1 e4 {[%emt 0:01:02] [#]} 25. g4 $1 Rf6 26. gxf5 Bxa3 27. Qxe4 ({Reject} 27. bxa3 $6 Rfb6+ 28. Bb2 Rxb2+ 29. Qxb2 Rb6 $11) 27... Bxb2 $18 (27... Qb5 $16) 28. Bxb2 Qa2+ 29. Kc1 Qxb2+ 30. Kxb2 Rfb6+ 31. Kc1 1-0

[Event "21st Alekhine FIDE 2017"]
[Site "Voronezh"]
[Date "2017.06.18"]
[Round "7"]
[White "Pavlova, Natalia"]
[Black "Kozlov, Sergej A"]
[Result "0-1"]
[ECO "A04"]
[WhiteElo "1954"]
[BlackElo "2072"]
[Annotator "NA"]
[PlyCount "114"]
[EventDate "2017.??.??"]
[EventType "swiss"]
[EventCountry "RUS"]
[SourceTitle "playchess.com"]
[Source "ChessBase"]
[SourceQuality "1"]
[TimeControl "40/5400+30:1800+30"]

1. Nf3 e6 2. g3 f5 3. Bg2 Nf6 4. O-O d6 5. d4 Be7 6. b3 O-O 7. Bb2 Ne4 8. e3 Bf6 9. c4 Nc6 10. Nbd2 Nxd2 {A96: Classical Dutch: Fluid Systems: Early deviations} 11. Qxd2 e5 {LiveBook: 5 Games} 12. d5 Ne7 13. Rac1 $146 ({Predecessor:} 13. Qc2 Kh8 14. Nd2 e4 15. Bxf6 Rxf6 16. Rae1 c6 17. f3 cxd5 18. cxd5 Nxd5 19. fxe4 {1-0 (26) Cmilyte,V (2503)-Skripchenko,A (2468) Beijing 2011}) 13... Qe8 14. c5 e4 15. cxd6 cxd6 16. Nd4 Nxd5 17. Ba3 Be7 18. Qa5 Nf6 19. Qc7 (19. Nxf5 $14 Bd8 20. Rxc8 Rxc8 21. Qxa7) 19... Qd8 20. Nb5 Nd5 21. Qxd8 Rxd8 22. Rfd1 (22. g4 $5) 22... Be6 (22... a6 $1 $11 {remains equal.} 23. Nd4 Nf6) 23. Nd4 Kf7 {[#]} 24. Nxf5 $1 Bxf5 25. Rxd5 Ke6 26. Rcd1 Rac8 27. Rxf5 (27. R1d4 $16) 27... Kxf5 28. Bh3+ Kg6 29. Bxc8 Rxc8 30. Rd4 Rc2 31. Rxe4 Kf7 32. Ra4 Rxa2 33. Rxa7 Ke6 34. Ra4 b5 35. Re4+ Kd7 36. Bb4 Bf6 37. Kg2 Rb2 38. h4 Rxb3 39. g4 Bxh4 40. Rd4 Be7 41. e4 Kc6 42. f4 Rb2+ 43. Kf3 Rc2 44. Rd3 Rc4 45. Bc3 g6 46. f5 gxf5 47. gxf5 b4 48. Bg7 Rc1 49. Ke2 Rc2+ 50. Kf1 Bh4 51. Rh3 $2 (51. Rf3 $11) 51... Rf2+ 52. Kg1 Rf4 53. Rxh4 $2 (53. Kh2 $17) 53... Rxh4 54. Kf2 Rxe4 55. f6 Kd7 56. Kf3 Re5 57. Kf4 Ke6 0-1

[Event "21st Alekhine FIDE 2017"]
[Site "Voronezh"]
[Date "2017.06.18"]
[Round "7"]
[White "Rozmanov, Aleksandr"]
[Black "Chernov, Vladimir S"]
[Result "0-1"]
[ECO "B54"]
[WhiteElo "1928"]
[BlackElo "2045"]
[Annotator "NA"]
[PlyCount "98"]
[EventDate "2017.??.??"]
[EventType "swiss"]
[EventCountry "RUS"]
[SourceTitle "playchess.com"]
[Source "ChessBase"]
[SourceQuality "1"]
[TimeControl "40/5400+30:1800+30"]

1. e4 c5 2. Nf3 d6 3. d4 cxd4 4. Nxd4 Nf6 5. f3 g6 6. c4 Bg7 {B55: Sicilian: 2...d6 3 d4 cxd4 4 Nxd4 Nf6 5 f3} 7. Be3 Nc6 8. Qd2 (8. Nc3 O-O 9. Qd2 Bd7 10. Be2 Nxd4 11. Bxd4 a5 12. O-O Bc6 13. b3 Nd7 14. Bf2 Nc5 15. Rab1 Be5 16. Rfd1 e6 17. Bd4 Qe7 18. Bxe5 dxe5 19. Qe3 Na6 20. Rd2 Rfd8 21. Rbd1 Rxd2 22. Rxd2 Rd8 23. Rxd8+ Qxd8 24. g3 Nb4 25. Kf2 Nc2 26. Qd3 Qb6+ 27. Kg2 Ne1+ {0-1 (27) Banikas,H (2568)-Henriquez Villagra,C (2517) Doha 2016}) 8... Be6 9. Be2 Qc7 10. b3 O-O 11. Nc3 a6 12. O-O Rac8 13. Rac1 Qa5 14. Rfd1 Nxd4 15. Bxd4 Rfe8 16. Qe3 $146 ({Predecessor:} 16. Be3 Nd7 17. Nd5 Qxd2 18. Rxd2 Bxd5 19. Rxd5 Rc6 20. Rdd1 Nc5 21. Kf1 Rec8 22. Rb1 R6c7 23. Bd2 Rc6 24. Rdc1 R6c7 {1-0 (43) Huerga Leache,M (2446)-Sarralde Osua,R (2245) Zornotza 2010}) 16... Qh5 17. h3 Bh6 18. f4 Qh4 19. Rf1 Nh5 20. Bxh5 $1 Qxh5 21. Ne2 ({Better is} 21. a4 $16) 21... Qa5 22. g4 Bg7 ({Avoid the trap} 22... Qxa2 $2 23. Ra1 $18) 23. Bxg7 Kxg7 24. f5 Bd7 25. g5 (25. Nf4 $14) 25... gxf5 26. exf5 f6 27. Rf2 Qe5 28. Qxe5 dxe5 29. h4 Bc6 30. Rc3 Rcd8 31. Ng3 Rd4 32. Nh5+ (32. gxf6+ $17 exf6 33. Nh5+ Kf7 34. Rg3) 32... Kf7 33. Rh3 Rg4+ 34. Kh2 fxg5 (34... Rd8 $19 {has better winning chances.} 35. Ng3 Rd1) 35. hxg5 Rxg5 36. f6 (36. Ng3 $17 {was forced.}) 36... Reg8 37. fxe7+ Kxe7 38. Ng3 {[#]} h5 $1 39. Rf5 Rxf5 40. Nxf5+ Ke6 41. Ne3 Rg5 42. Rg3 Rxg3 43. Kxg3 Be4 44. Kh4 Bf3 45. b4 e4 46. b5 axb5 47. cxb5 Kd6 48. a4 Kc5 49. Nc2 $19 Kc4 0-1